 Dungeon Crawl Stone Soup version 0.30-a0-381-g6ea064c7b4 (webtiles) character file.

Game seed: 246236998787634024

1360 PyroL the Purveyor of Pain (level 8, -4/62 HPs)
             Began as a Demonspawn Necromancer on Dec 1, 2022.
             Was an Initiate of Kikubaaqudgha.
             Killed from afar by a steam dragon (18 damage)
             ... with a ball of steam
             ... on level 7 of the Dungeon on Dec 2, 2022.
             The game lasted 00:11:08 (7939 turns).

PyroL the Purveyor of Pain (Demonspawn Necromancer) Turns: 7939, Time: 00:11:09

Health: -4/62      AC:  8    Str:  8    XL:     8   Next: 37%
Magic:  2/13       EV: 12    Int: 19    God:    Kikubaaqudgha [......]
Gold:   418        SH:  5    Dex: 14    Spells: 6/14 levels left

rFire   . . .      SeeInvis +    m - +4 whip
rCold   . . .      Faith    .    (no shield)
rNeg    . . .      Spirit   .    a - +0 robe
rPois   .          Reflect  +    (no helmet)
rElec   .          Harm     .    (no cloak)
rCorr   .          Rampage  .    t - +2 pair of gloves
Will    +....                    (no boots)
Stlth   ++........               u - amulet of reflection
HPRegen 0.30/turn                A - ring of willpower
MPRegen 0.13/turn                x - ring of see invisible

@: animating dead
A: icy blue scales 2, powered by death 2, condensation shield
a: Renounce Religion


You were on level 7 of the Dungeon.
You worshipped Kikubaaqudgha.
Kikubaaqudgha was noncommittal.
You visited 2 branches of the dungeon, and saw 8 of its levels.

You collected 418 gold pieces.

Inventory:

Hand Weapons
 m - a +4 whip (weapon)
Missiles
 h - 13 poisoned darts
 w - 3 throwing nets
Armour
 a - a +0 robe (worn)
 n - the +6 scale mail "Uthissown" {Str+4 Int+2 Dex+4}
   (You found it on level 3 of the Dungeon)

   Str:       It affects your strength (+4).
   Int:       It affects your intelligence (+2).
   Dex:       It affects your dexterity (+4).
 t - a +2 pair of gloves (worn)
Jewellery
 u - an amulet of reflection (around neck)
 x - a ring of see invisible (right hand)
 A - a ring of willpower (left hand)
Wands
 c - a wand of digging (8)
 r - a wand of flame (27)
Scrolls
 e - a scroll of teleportation {unknown}
 f - a scroll of noise {unknown}
 i - a scroll of butterflies {unknown}
 k - a scroll of poison {unknown}
 q - a scroll of enchant armour
 v - 2 scrolls of silence {unknown}
 y - 2 scrolls of enchant weapon
 C - a scroll of blinking
Potions
 b - a potion of magic
 g - 7 potions of lignification
 j - a potion of mutation {unknown}
 l - 3 potions of brilliance {unknown}
 o - 2 potions of might
 p - a potion of heal wounds {unknown}
 s - 6 potions of curing
 z - a potion of flight {unknown}
 B - a potion of ambrosia {unknown}
 D - a potion of resistance {unknown}


   Skills:
 - Level 5.0 Fighting
 - Level 1.7 Dodging
 - Level 1.7 Stealth
 - Level 3.8 Spellcasting
 + Level 9.9 Necromancy


You had 6 spell levels left.
You knew the following spells:

 Your Spells              Type           Power      Damage    Failure   Level
a - Necrotise             Necr           100%       1d9       1%          1
b - Vampiric Draining     Necr           41%        2d8       1%          3
c - Animate Dead          Necr           41%        N/A       2%          4

Your spell library contained the following spells:

 Spells                   Type           Power      Damage    Failure   Level
 Sublimation of Blood     Necr           41%        N/A       1%          2
 Agony                    Necr           41%        N/A       6%          5
 Ensorcelled Hibernation  Hex/Ice        6%         N/A       22%         2
 Passwall                 Tmut/Erth      2%         N/A       22%         2
 Swiftness                Air            3%         N/A       38%         3
 Petrify                  Tmut/Erth      3%         N/A       80%         4
 Irradiate                Conj/Tmut      1%         3d12      98%         5


Dungeon Overview and Level Annotations

Branches:
Dungeon (7/15)             Temple (1/1) D:6

Altars:
Ashenzari
Dithmenos
Fedhas
Gozag
Hepliaklqana
Kikubaaqudgha
Makhleb
Nemelex Xobeh
Okawaru
Qazlal
Ru
Sif Muna
Trog
Uskayaw
Vehumet
Wu Jian
Xom
Yredelemnul

Shops:
D:4 *


Innate Abilities, Weirdness & Mutations

You are mostly covered in icy blue scales. (AC +3)
You regenerate health from kills.
A meltable shield of frost defends you. (SH +0)


Message History

An orc comes into view. It is wielding a +0 mace.
An orc wizard comes into view. It is wielding a +0 dagger.
You block the howler monkey's attack.
Casting: Animate Dead (dangerous; 2% risk of failure)
Confirm with . or Enter, or press ? or * to list all spells.
Aiming: Vampiric Draining (safe; 1% risk of failure)
Press: ? - help, Shift-Dir - straight line, f - steam dragon, p - howler monkey
Aim: a steam dragon (steam, moderately wounded, catching its breath)
You draw life force from the steam dragon!
You feel life coursing into your body.
You are engulfed in a cloud of scalding steam.
* * * LOW HITPOINT WARNING * * *
The steam dragon barely misses you. The steam dragon misses you.
The howler monkey is engulfed in a cloud of scalding steam.
The howler monkey hits you but does no damage.
Casting: Vampiric Draining (safe; 1% risk of failure)
Confirm with . or Enter, or press ? or * to list all spells.
Aiming: Vampiric Draining (safe; 1% risk of failure)
Press: ? - help, Shift-Dir - straight line, f/p - steam dragon
Aim: a steam dragon (steam, heavily wounded, catching its breath)
You draw life force from the steam dragon.
You feel life coursing into your body.
You are engulfed in a cloud of scalding steam.
* * * LOW HITPOINT WARNING * * *
The steam dragon bites you.
* * * LOW HITPOINT WARNING * * *
You block the steam dragon's attack.
An orc comes into view. It is wielding a +0 falchion.
The howler monkey is engulfed in a cloud of scalding steam.
The howler monkey dies!
The dead are walking!
Casting: Vampiric Draining (safe; 1% risk of failure)
Confirm with . or Enter, or press ? or * to list all spells.
You don't have enough magic to cast this spell.
You are engulfed in a cloud of scalding steam.
* * * LOW HITPOINT WARNING * * *
The steam dragon breathes steam at you. The ball of steam hits you!!
You die...
Kikubaaqudgha rasps: "You have failed me!
Welcome... death!"

###### #.=... ##.....
#### ....... #..##
#.....## ##..# #####
#.....D#####..# #...#
#.o..hh§@.....#####...#
#....Z######..........#
....o..
...............#
...o.##
#####...####...# .....
##..######## .o..
#....Z..##### .[..
#######.....# ...
#.###.# ####.###.#


You could see a steam dragon (catching breath) and a howler monkey.

Vanquished Creatures
  A sky beast (D:7)
  An ogre (D:6)
  2 phantoms
  A bullfrog (D:5)
  A gnoll sergeant (D:6)
  A necrophage (D:6)
  3 scorpions
  A howler monkey (D:4)
  2 hounds (D:5)
  2 orc priests
  A jelly (D:2)
  An iguana (D:5)
  3 orc wizards
  7 adders
  7 gnolls
  A white imp (D:5)
  A worm (D:3)
  A dart slug (D:2)
  30 orcs
  5 bats
  5 endoplasms
  3 giant cockroaches
  4 goblins
  11 hobgoblins
  5 jackals (D:1)
  8 kobolds
  4 quokkas
  7 ball pythons
  3 frilled lizards
  6 rats
128 creatures vanquished.

Vanquished Creatures (collateral kills)
  A centaur (D:5)
  An orc wizard (D:5)
  2 orcs (D:5)
  A bat (D:1)
  A jackal (D:1)
6 creatures vanquished.

Vanquished Creatures (others)
  A howler monkey (D:7)
  5 orc zombies
6 creatures vanquished.

Grand Total: 140 creatures vanquished

Notes
Turn   | Place    | Note
-------+----------+-------------------------------------------
     0 | D:1      | PyroL the Demonspawn Necromancer began the quest for the
                  | Orb.
     0 | D:1      | Reached XP level 1. HP: 13/13 MP: 3/3
   300 | D:1      | Gained mutation: You are partially covered in icy blue
                  | scales. (AC +2) [demonic ancestry]
   300 | D:1      | Reached XP level 2. HP: 14/19 MP: 0/5
   634 | D:1      | Reached skill level 5 in Necromancy
   849 | D:1      | Gained mutation: You regenerate a little health from kills.
                  | [demonic ancestry]
   849 | D:1      | Reached XP level 3. HP: 24/24 MP: 3/6
  1762 | D:2      | Gained mutation: You are mostly covered in icy blue scales.
                  | (AC +3) [demonic ancestry]
  1762 | D:2      | Reached XP level 4. HP: 30/30 MP: 4/8
  2058 | D:2      | Learned a level 3 spell: Vampiric Draining
  2063 | D:2      | Learned a level 4 spell: Animate Dead
  2291 | D:2      | Reached skill level 6 in Necromancy
  2492 | D:3      | Identified the +6 scale mail "Uthissown" {Str+4 Int+2
                  | Dex+4}
  2567 | D:3      | Gained mutation: A meltable shield of frost defends you.
                  | (SH +0) [demonic ancestry]
  2567 | D:3      | Reached XP level 5. HP: 35/35 MP: 9/9
  3354 | D:4      | Reached skill level 7 in Necromancy
  3354 | D:4      | Reached XP level 6. HP: 31/41 MP: 6/11
  3508 | D:4      | Found an opulent altar of Gozag.
  3508 | D:4      | Found Gozag's Platinum Reserve.
  3572 | D:4      | Reached skill level 1 in Fighting
  3716 | D:4      | Found a burning altar of Makhleb.
  4105 | D:5      | Entered Level 5 of the Dungeon
  4238 | D:5      | Gained mutation: You regenerate health from kills. [demonic
                  | ancestry]
  4238 | D:5      | Reached XP level 7. HP: 43/52 MP: 5/12
  4614 | D:5      | Reached skill level 8 in Necromancy
  5038 | D:5      | Reached skill level 5 in Fighting
  5679 | D:6      | Reached XP level 8. HP: 47/62 MP: 8/13
  5899 | D:6      | Found a shimmering blue altar of Sif Muna.
  5899 | D:6      | Found a blossoming altar of Fedhas.
  6130 | D:6      | Found a staircase to the Ecumenical Temple.
  6176 | Temple   | Entered the Ecumenical Temple
  6264 | Temple   | Became a worshipper of Kikubaaqudgha
  6745 | D:6      | Reached skill level 9 in Necromancy
  7939 | D:7      | Killed from afar by a steam dragon

Illustrated notes

Levels and vault maps discovered:
D:1:      lemuel_arrival_hallway, layout_basic
D:2:      wad_pebble_path, layout_basic, serial_forest,
          infiniplex_forest_lined_2, infiniplex_forest_corner_1,
          infiniplex_forest_end_1, infiniplex_forest_lined_room_,
          infiniplex_forest_lined_room_2, minmay_distorted
D:3:      layout_basic
D:4:      layout_gridville, lemuel_crystal_altar,
          nicolae_gozag_zags_fifth_avenue, kennysheep_generic_room_11
D:5:      layout_basic, water_maze_lemuel
D:6:      layout_layer_cave, jmf_multi_god_temple, temple_statues
D:7:      layout_rooms
Temple:   minmay_crystal_spiral_temple

Skill      XL: |  1  2  3  4  5  6  7  8 |
---------------+-------------------------+-----
Necromancy     | 5 6 7 8 9 |  9.9
Spellcasting   | 3 |  3.8
Fighting       | 3 5 |  5.0
Dodging        | |  1.7
Stealth        | |  1.7

Action                   |  1- 3 |  4- 6 |  7- 9 || total
-------------------------+-------+-------+-------++-------
Melee: Unarmed           |    22 |       |       ||    22
       Punch             |     1 |       |     1 ||     2
       Dagger            |       |    10 |       ||    10
       Whip              |       |    90 |   126 ||   216
 Cast: Necrotise         |    67 |    85 |    41 ||   193
       Animate Dead      |       |     3 |     5 ||     8
       Vampiric Draining |       |       |     4 ||     4
  Use: Scroll            |       |       |     7 ||     7
Armor: Robe              |     6 |    49 |    45 ||   100
Dodge: Dodged            |    20 |    78 |    80 ||   178
Block: Other             |       |    20 |    61 ||    81
       Reflection        |       |       |     3 ||     3

Table legend: (Time is in decaauts)
 A = Elapsed time spent in this place.
 B = Non-inter-level travel time spent in this place.
 C = Inter-level travel time spent in this place.
 D = Time resting spent in this place.
 E = Time spent auto-exploring this place.
 F = Levels seen in this place.
 G = Mean time per level.
                   A        B        C        D        E       F      G
               +--------+--------+--------+--------+--------+-----+--------+
         Total |   7962 |   7625 |    337 |   1350 |   5329 |   8 |  995.2 |
       Dungeon |   7650 |   7397 |    253 |   1250 |   5219 |   7 | 1092.9 |
        Temple |    311 |    227 |     84 |    100 |    110 |   1 |  311.0 |
               +--------+--------+--------+--------+--------+-----+--------+

Top non-repeatable levels by time:
     D:6: 1774 daAuts
     D:5: 1512 daAuts
     D:1: 1369 daAuts
     D:4: 1026 daAuts
     D:2: 961 daAuts
     D:3: 751 daAuts
  Temple: 311 daAuts
     D:7: 254 daAuts
